 Dungeon Crawl Stone Soup version 0.27-a0-1557-g57f10a385c (webtiles) character file.

Game seed: 10987411709387771471

120 pokeman the Magician (level 4, -2/25 HPs)
             Began as a Deep Elf Hedge Wizard on July 15, 2021.
             Was an Initiate of Vehumet.
             Slain by a river rat (4 damage)
             ... in a sewer on July 16, 2021.
             The game lasted 00:06:30 (4221 turns).

pokeman the Magician (Deep Elf Hedge Wizard)        Turns: 4221, Time: 00:06:31

Health: -2/25      AC:  3    Str:  7    XL:     4   Next: 75%
Magic:  1/13       EV: 12    Int: 20    God:    Vehumet [......]
Gold:   147        SH:  0    Dex: 14    Spells: 3/14 levels left

rFire    . . .     SeeInvis +   n - staff of air
rCold    . . .     Faith    .   (no shield)
rNeg     . . .     Spirit   .   i - +0 leather armour
rPois    .         Reflect  .   c - +0 hat
rElec    +         Harm     .   (no cloak)
rCorr    .         Rampage  .   (no gloves)
Will     +....                  (no boots)
Stlth    ++........             (no amulet)
HPRegen  0.08/turn              j - ring of willpower
MPRegen  0.13/turn              m - ring of see invisible

@: very slightly contaminated
A: no striking features
a: Renounce Religion


You were in a sewer.
You worshipped Vehumet.
Vehumet was noncommittal.
You visited 1 branch of the dungeon, and saw 4 of its levels.
You also visited: Sewer.

You collected 147 gold pieces.

Inventory:

Hand Weapons
 g - a +0 spear of distortion
Missiles
 b - 9 arrows
Armour
 c - a +0 hat (worn)
 i - a +0 leather armour (worn)
Magical Staves
 n - a staff of air (weapon)
Jewellery
 j - a ring of willpower (left hand)
 m - a ring of see invisible (right hand)
 o - an amulet of faith
Scrolls
 a - 2 scrolls of vulnerability {unknown}
 f - a scroll of summoning {unknown}
 h - a scroll of magic mapping {unknown}
 p - a scroll of brand weapon {unknown}
 q - a scroll of blinking {unknown}
Potions
 d - a potion of degeneration {unknown}
 e - a potion of cancellation {unknown}
 k - 2 potions of haste {unknown}
 l - a potion of lignification {unknown}


   Skills:
 - Level 1.0 Fighting
 - Level 1.0 Armour
 + Level 2.9 Dodging
 - Level 2.4 Stealth
 * Level 5.8 Spellcasting
 + Level 2.4 Conjurations
 - Level 1.1 Summonings
 - Level 1.1 Translocations
 - Level 1.0 Fire Magic
 + Level 0.1 Air Magic


You had 3 spell levels left.
You knew the following spells:

 Your Spells              Type           Power      Damage    Failure   Level
a - Magic Dart            Conj           60%        1d6       6%          1
b - Mephitic Cloud        Conj/Pois/Air  13%        N/A       32%         3
c - Call Imp              Summ           10%        N/A       16%         2
d - Blink                 Tloc           N/A        N/A       16%         2
e - Conjure Flame         Conj/Fire      12%        6-21      22%         3

Your spell library contained the following spells:

 Spells                   Type           Power      Damage    Failure   Level
 Slow                     Hex            5%         N/A       24%         2


Dungeon Overview and Level Annotations

Branches:
Dungeon (4/15)              Sewer (1/1)
 Temple: D:4-7

Altars:
Fedhas
Makhleb
Qazlal
Sif Muna
Vehumet
Yredelemnul

Shops:
D:2 *


Message History

You hit the river rat.
The river rat is heavily wounded.
The river rat bites you.
* * * LOW HITPOINT WARNING * * *
Unknown command.
Unknown command.
Casting: Mephitic Cloud (extremely dangerous; 32% risk of failure)
Confirm with . or Enter, or press ? or * to list all spells.
Aiming: Magic Dart (safe; 6% risk of failure)
Press: ? - help, Shift-Dir - straight line, f - river rat
Aim: a river rat (heavily wounded, confused, 100% to hit)
The magic dart hits the river rat.
The river rat is severely wounded.
Unknown command.
You hit the river rat.
The river rat is almost dead.
There are no items here.
You completely miss the river rat.
The river rat is almost dead.
The river rat closely misses you.
Casting: Magic Dart (safe; 6% risk of failure)
Confirm with . or Enter, or press ? or * to list all spells.
Aiming: Magic Dart (safe; 6% risk of failure)
Press: ? - help, Shift-Dir - straight line, f/p - river rat
Aim: a river rat (almost dead, confused, 100% to hit)
You miscast Magic Dart.
You are very lightly contaminated with residual magic.
Nothing appears to happen.
The river rat seems less confused.
The river rat misses you.
Unknown command.
You closely miss the river rat.
The river rat is almost dead.
The river rat closely misses you.
You see here a river rat corpse.
There is an empty arch of ancient stone here.
You see here a rat corpse.
You hit the river rat but do no damage.
The river rat is severely wounded.
The river rat bites you.
You die... ################ #....∩†r@.....≈≈ ################

You could see a river rat.

Vanquished Creatures
  A gnoll (D:2)
  3 adders
  A river rat (Sewer)
  A dart slug (D:2)
  11 ball pythons
  6 endoplasms
  4 giant cockroaches
  6 goblins
  2 hobgoblins
  10 jackals
  3 quokkas
  4 bats
  3 frilled lizards
  5 kobolds
  10 rats
70 creatures vanquished.

Notes
Turn   | Place    | Note
-------+----------+-------------------------------------------
     0 | D:1      | pokeman the Deep Elf Hedge Wizard began the quest for the
                  | Orb.
     0 | D:1      | Reached XP level 1. HP: 10/10 MP: 7/7
   472 | D:1      | Reached XP level 2. HP: 16/16 MP: 2/9
   941 | D:1      | Found a faded altar of an unknown god.
  1666 | D:2      | Reached skill level 5 in Spellcasting
  1923 | D:2      | Reached XP level 3. HP: 18/20 MP: 3/11
  1927 | D:2      | Learned a level 3 spell: Mephitic Cloud
  1930 | D:2      | Learned a level 2 spell: Call Imp
  1933 | D:2      | Learned a level 2 spell: Blink
  1937 | D:2      | Learned a level 3 spell: Conjure Flame
  2200 | D:2      | Found Peoc's Assorted Antiques.
  2221 | D:2      | Reached skill level 1 in Fighting
  2221 | D:2      | Reached skill level 1 in Armour
  2664 | D:2      | Reached XP level 4. HP: 25/25 MP: 5/13
  3909 | D:3      | Found a stormy altar of Qazlal.
  3909 | D:3      | Found a burning altar of Makhleb.
  3909 | D:3      | Found a shimmering blue altar of Sif Muna.
  3909 | D:3      | Found a basalt altar of Yredelemnul.
  3914 | D:3      | Reached skill level 1 in Fire Magic
  3924 | D:3      | Found a radiant altar of Vehumet.
  3926 | D:3      | Found a blossoming altar of Fedhas.
  4056 | D:3      | Became a worshipper of Vehumet
  4096 | D:4      | Noticed an ogre
  4186 | D:4      | Found a glowing drain.
  4196 | Sewer    | Entered a sewer
  4205 | Sewer    | HP: 1/25 [river rat (6)]
  4221 | Sewer    | Slain by a river rat

Illustrated notes

Levels and vault maps discovered:
D:1:      shiori_shiawase, layout_basic, shapermc_ecumenical_altar_acropolis
D:2:      layout_loops_ring, serial_shops, nicolae_square_shop
D:3:      layout_rooms, minmay_overflow_temple_hex, grunt_ministairs_9
D:4:      layout_basic, cheibrodos_sewer_entry_sluice
Sewer:    sewer_kobolds

Skill      XL: |  1  2  3  4 |
---------------+-------------+-----
Spellcasting   | 5 |  5.8
Fighting       | 1 |  1.0
Armour         | 1 |  1.0
Conjurations   | 2 |  2.4
Fire Magic     | 1 |  1.0
Dodging        | |  2.9
Stealth        | |  2.4
Summonings     | |  1.1
Translocations | |  1.1
Air Magic      | |  0.1

Action                   |  1- 3 |  4- 6 || total
-------------------------+-------+-------++-------
Melee: Dagger            |    39 |       ||    39
       Staff             |       |     9 ||     9
 Cast: Magic Dart        |   117 |    56 ||   173
       Mephitic Cloud    |       |     5 ||     5
       Conjure Flame     |       |     1 ||     1
       Blink             |       |     1 ||     1
       Call Imp          |       |     1 ||     1
 Stab: Confused          |       |     1 ||     1
Armor: Robe              |     5 |       ||     5
       Leather armour    |    11 |     1 ||    12
Dodge: Dodged            |    40 |    16 ||    56

Table legend: (Time is in decaauts)
 A = Elapsed time spent in this place.
 B = Non-inter-level travel time spent in this place.
 C = Inter-level travel time spent in this place.
 D = Time resting spent in this place.
 E = Time spent auto-exploring this place.
 F = Levels seen in this place.
 G = Mean time per level.
                   A        B        C        D        E       F      G
               +--------+--------+--------+--------+--------+-----+--------+
         Total |   4223 |   3908 |    315 |    533 |   2871 |   5 |  844.6 |
       Dungeon |   4197 |   3882 |    315 |    533 |   2871 |   4 | 1049.2 |
         Sewer |     26 |     26 |      0 |      0 |      0 |   1 |   26.0 |
               +--------+--------+--------+--------+--------+-----+--------+

Top non-repeatable levels by time:
     D:1: 1893 daAuts
     D:2: 1436 daAuts
     D:3: 809 daAuts
     D:4: 58 daAuts
   Sewer: 26 daAuts
